 Dungeon Crawl Stone Soup version 0.23.2-40-g277498a001 (webtiles) character file.

Game seed: 5182758267103097933

89 ANON1729 the Chopper (level 4, -1/40 HPs)
             Began as a Naga Gladiator on Sept 19, 2019.
             Slain by an orc wizard
             ... wielding a +0 dagger
              (3 damage)
             ... on level 2 of the Dungeon.
             The game lasted 00:01:53 (1422 turns).

ANON1729 the Chopper (Naga Gladiator)               Turns: 1422, Time: 00:01:53

Health: -1/40      AC:  3    Str: 17    XL:     4   Next: 55%
Magic:  4/4        EV: 10    Int:  9    God:
Gold:   95         SH:  0    Dex: 12    Spells: 3/3 levels left

rFire    . . .     SeeInvis +   a - +0 war axe
rCold    . . .     Gourm    .   (no shield)
rNeg     . . .     Faith    .   b - +0 leather armour
rPois    +         Spirit   .   c - +0 helmet
rElec    .         Reflect  .   (no cloak)
rCorr    .         Harm     .   (no gloves)
MR       .....     Rnd*Tele +   (no barding)
Stlth    +.........             g - amulet of regeneration
HPRegen  0.53/turn              h - ring of teleportation (curse)
MPRegen  0.09/turn              (no ring)

@: very slow
A: large, see invisible, deformed body, poison resistance, slowness 2, slow
metabolism 1, spit poison 1, AC +1
a: Spit Poison


You were on level 2 of the Dungeon.
You were not hungry.

You visited 1 branch of the dungeon, and saw 2 of its levels.

You collected 95 gold pieces.

Inventory:

Hand Weapons
 a - a +0 war axe (weapon)
Missiles
 d - 3 throwing nets (quivered)
Armour
 b - a +0 leather armour (worn)
 c - a +0 helmet (worn)
Jewellery
 g - an amulet of regeneration (around neck)
 h - a cursed ring of teleportation (left hand)
Wands
 r - a wand of disintegration (8)
Scrolls
 e - 3 scrolls of immolation {unknown}
 i - 3 scrolls of identify {unknown}
 k - a scroll of remove curse {unknown}
 l - a scroll of random uselessness {unknown}
 m - 2 scrolls of fear {unknown}
 p - a scroll of magic mapping {unknown}
Potions
 j - a potion of heal wounds {unknown}
 n - a potion of ambrosia {unknown}
 o - a potion of might {unknown}
 q - 2 potions of degeneration {unknown}
Comestibles
 f - 4 rations


   Skills:
 + Level 2.8 Fighting
 + Level 3.6 Axes
 + Level 2.6 Throwing
 + Level 3.0 Dodging


You had 3 spell levels left.
You didn't know any spells.
Your spell library was empty.

Dungeon Overview and Level Annotations

Branches:
Dungeon (2/15)

Altars:
Elyvilon


Innate Abilities, Weirdness & Mutations

You cannot wear boots.
Your serpentine skin is tough. (AC +1)
You have supernaturally acute eyesight. (SInv)
Armour fits poorly on your strangely shaped body.
Your system is resistant to poisons. (rPois)
You cover ground very slowly.
You have a slow metabolism.
You can spit poison.


Message History

The orc wizard flickers and vanishes for a moment.
You closely miss the orc wizard.
The orc wizard is almost dead.
The orc wizard hits you with a +0 dagger.
* * * LOW HITPOINT WARNING * * *
The orc wizard barely misses you.
Unknown command.
You have got your breath back.
The orc wizard hits you with a +0 dagger.
* * * LOW HITPOINT WARNING * * *
A worker ant comes into view.
Press: ? - help, Shift-Dir - straight line, f/p - orc wizard
Aim: an orc wizard, wielding a +0 dagger and wearing a +0 robe (almost dead, fast, slightly transparent)
Okay, then.
You closely miss the orc wizard.
The orc wizard is almost dead.
You closely miss the orc.
The worker ant twitches its antennae in your direction.
The orc wizard hits you with a +0 dagger.
You die...

#.##.##..# #.# #.#
#.##.##..########.# #.#
#............>....# #.#
###.......#.############
### .##.......#.#
#.(.o.... ..........#.##
#)# .##..........###.##
. ................oo##
..
###..###.....#..@..##..
.....####.#...#.#(...#
### #####
###.......###.._...###
#.# #.... .....######
###.#.######.# ##...
###.## #...a.<....# #...
# #.# ## ###.#####.##
###. ###.####..........#
#.# #.
.........########## #.#
#. ..##.##### ##.## #.


You could see a worker ant, an orc wizard (invisible) and an orc.

Vanquished Creatures
  An orc priest (D:2)
  2 adders (D:2)
  3 worms (D:2)
  A dart slug (D:2)
  An orc (D:2)
  4 bats
  2 giant cockroaches
  4 goblins
  3 hobgoblins
  3 jackals (D:1)
  2 kobolds
  2 ball pythons (D:2)
  4 rats
32 creatures vanquished.

Notes
Turn   | Place    | Note
-------+----------+-------------------------------------------
     0 | D:1      | ANON1729 the Naga Gladiator began the quest for the Orb.
     0 | D:1      | Reached XP level 1. HP: 19/19 MP: 1/1
   198 | D:1      | Reached XP level 2. HP: 19/26 MP: 2/2
   730 | D:2      | Found a white marble altar of Elyvilon.
   883 | D:2      | Reached XP level 3. HP: 28/33 MP: 3/3
  1244 | D:2      | Reached XP level 4. HP: 38/40 MP: 4/4
  1421 | D:2      | HP: 1/40 [orc wizard/+0 dagger (2)]
  1422 | D:2      | Slain by an orc wizard

Skill      XL: |  1  2  3  4 |
---------------+-------------+-----
Throwing       | 2 |  2.6
Dodging        | 3 |  3.0
Fighting       | |  2.8
Axes           | |  3.6

Action                   |  1- 3 |  4- 6 || total
-------------------------+-------+-------++-------
Melee: War axe           |    93 |    22 ||   115
 Abil: Spit Poison       |       |     3 ||     3
  Eat: Chunk             |     1 |       ||     1
Armor: Leather armour    |    34 |     5 ||    39
Dodge: Dodged            |    57 |    19 ||    76
